 Dungeon Crawl Stone Soup version 0.27-a0-1065-ge809cff456 (webtiles) character file.

Game seed: 11315708385154300953

3480 Hodglim the Geomancer (level 10, 0/54 HPs)
             Began as a Gargoyle Earth Elementalist on Apr 23, 2021.
             Was a Follower of Vehumet.
             Killed from afar by an acid dragon (10 damage)
             ... with a splash of acid
             ... on level 9 of the Dungeon.
             The game lasted 01:00:17 (9420 turns).

Hodglim the Geomancer (Gargoyle Earth Elementalist) Turns: 9420, Time: 01:00:18

Health: 0/54       AC:  8    Str: 12    XL:     10   Next: 7%
Magic:  20/20      EV: 11    Int: 19    God:    Vehumet [*.....]
Gold:   131        SH:  5    Dex: 10    Spells: 13/22 levels left

rFire    . . .     SeeInvis .   a - +0 flail (protect)
rCold    . . .     Faith    .   p - +0 buckler
rNeg     + . .     Spirit   .   n - +0 leather armour
rPois    ∞         Reflect  .   (no helmet)
rElec    +         Harm     .   g - +0 cloak
rCorr    .         Rampage  .   (no gloves)
Will     .....                  (no boots)
Stlth    ++........             (no amulet)
HPRegen  0.18/turn              (no ring)
MPRegen  0.17/turn              (no ring)

@: about to teleport, corroded
A: AC +7, negative energy resistance 1, electricity resistance, torment
resistance 1, unbreathing 1, petrification resistance
a: Renounce Religion


You were on level 9 of the Dungeon.
You worshipped Vehumet.
Vehumet was aware of your devotion.
You visited 2 branches of the dungeon, and saw 12 of its levels.

You collected 307 gold pieces.
You spent 176 gold pieces at shops.

Inventory:

Hand Weapons
 a - a +0 flail of protection (weapon)
Missiles
 b - a curare-tipped dart
 B - 3 boomerangs (quivered)
Armour
 e - a +0 tower shield
 g - a +0 cloak (worn)
 n - a +0 leather armour (worn)
 o - a +0 ring mail
 p - a +0 buckler (worn)
 w - a +0 scale mail of willpower
Jewellery
 c - the amulet "Yfijalen" {Reflect Harm rF+ SH+5}
   (You found it on level 5 of the Dungeon)

   [amulet of reflection]

   It reflects blocked missile attacks.
   It protects you from fire.
   It affects your SH (+5).
   It increases damage dealt and taken.
Wands
 k - a wand of flame (18)
 D - a wand of polymorph (5)
Scrolls
 f - a scroll of magic mapping {unknown}
 h - a scroll of noise {unknown}
 i - 2 scrolls of amnesia {unknown}
 q - 2 scrolls of vulnerability {unknown}
 u - a scroll of enchant weapon
 v - a scroll of enchant armour {unknown}
 y - 2 scrolls of blinking {unknown}
 A - a scroll of torment {unknown}
 C - a scroll of identify
Potions
 d - 2 potions of heal wounds
 j - a potion of berserk rage {unknown}
 l - a potion of magic {unknown}
 r - 2 potions of curing
 s - a potion of attraction {unknown}
 t - a potion of haste {unknown}
 x - a potion of cancellation {unknown}
 z - 2 potions of flight


   Skills:
 + Level 2.5 Fighting
 - Level 6.2 Armour
 - Level 1.5 Dodging
 - Level 2.1 Stealth
 - Level 5.0 Shields
 + Level 6.6 Spellcasting
 - Level 6.4 Conjurations
 - Level 0.7 Transmutations
 + Level 9.1 Earth Magic


You had 13 spell levels left.
You knew the following spells:

 Your Spells              Type           Power      Damage    Failure   Level
a - Sandblast             Erth           82%        2d17      1%          1
b - Stone Arrow           Conj/Erth      70%        3d11      1%          3
c - Lee's Rapid Deconstr  Erth           20%        3d13*     9%          5

Your spell library contained the following spells:

 Spells                   Type           Power      Damage    Failure   Level
 Freeze                   Ice            24%        1d5       13%         1
 Passwall                 Tmut/Erth      20%        N/A       2%          2
 Petrify                  Tmut/Erth      25%        N/A       17%         4


Dungeon Overview and Level Annotations

Branches:
Dungeon (11/15)            Temple (1/1) D:5             Orc (0/2) D:11
   Lair: D:8-11

Altars:
Ashenzari
Cheibriados
Dithmenos
Fedhas
Gozag
Kikubaaqudgha
Makhleb
Nemelex Xobeh
Okawaru
Qazlal
Ru
Sif Muna
Trog
Uskayaw
Vehumet
Xom
Yredelemnul
Zin
The Shining One

Shops:
D:7 *

Annotations:
D:7 2 transporters, Gilette's ghost, novice DjCj
D:9 1 runed translucent door, Lemonice's ghost, novice DjFE
D:11 Maurice


Innate Abilities, Weirdness & Mutations

Your stone body is resilient. (AC +7)
You are immune to poison.
You resist negative energy. (rN+)
You are resistant to electric shocks. (rElec)
You are resistant to unholy torment.
You can survive without breathing.
You are immune to petrification.


Message History

The gnoll sergeant moves out of view.
The gnoll shouts!
You hear a shout! x2
A killer bee comes into view.
A gnoll comes into view. It is wielding a +0 halberd.
A gnoll comes into view. It is wielding a +0 flail.
A killer bee comes into view.
You feel much better.
The gnoll shouts!
The killer bee stings you.
The killer bee stings you. x2; The killer bee barely misses you.
The killer bee closely misses you. The killer bee barely misses you.
The killer bee stings you.
* * * LOW HITPOINT WARNING * * *
The killer bee misses you. The killer bee closely misses you. x2
The killer bee misses you. The killer bee closely misses you.
The killer bee stings you but does no damage.
The killer bee closely misses you. The killer bee misses you.
The killer bee stings you.
* * * LOW HITPOINT WARNING * * *
The killer bee barely misses you. The killer bee stings you.
* * * LOW HITPOINT WARNING * * *
The killer bee stings you but does no damage.
The killer bee barely misses you.
There is a stone staircase leading down here.
You feel much better.
The killer bee stings you but does no damage.
The killer bee closely misses you. The killer bee stings you.
The killer bee barely misses you. The acid dragon bites you!
The acid dragon misses you. The killer bee stings you.
The killer bee completely misses you.
As you read the scroll of teleportation, it crumbles to dust.
You feel strangely unstable. The killer bee stings you.
* * * LOW HITPOINT WARNING * * *
You block the killer bee's attack. The killer bee stings you.
* * * LOW HITPOINT WARNING * * *
The killer bee stings you but does no damage.
The acid dragon spits acid at you. The splash of acid hits you!
You die...

_.. #...# ..######...#
...........# ...........#
...........# ...........#
#############....####
#.........D.......... #...
#........gy@.........
#....#.........yy.........
#....#......g.............
#....##....###############
.................#
.................#
.................#
..........g......#
..........########


You could see an acid dragon (catching breath), 3 killer bees and 2 gnolls.

Vanquished Creatures
  2 wyverns (D:7)
  A steam dragon (D:8)
  A water moccasin (D:7)
  2 sky beasts
  An ice beast (D:5)
  An orc warrior (D:7)
  2 necrophages
  2 black bears
  4 ogres
  2 centaurs
  A phantom (D:5)
  2 kobold brigands
  3 bullfrogs
  A gnoll sergeant (D:7)
  A scorpion (D:3)
  A water moccasin zombie (D:7)
  A water moccasin skeleton (D:6)
  A wight (D:8)
  7 howler monkeys
  A bullfrog zombie (D:5)
  3 hounds
  A jelly (D:8)
  A bullfrog skeleton (D:6)
  4 orc priests
  A centaur skeleton (D:6)
  4 orc wizards
  Natasha (thrice) (D:2)
  3 iguanas
  A hound skeleton (D:4)
  6 gnolls
  6 adders
  A white imp (D:5)
  An ufetubus (D:5)
  An adder zombie (D:5)
  A worm (D:2)
  A dart slug (D:4)
  20 orcs
  4 ball pythons
  9 endoplasms
  5 goblins
  6 hobgoblins
  4 jackals
  4 quokkas
  2 bats (D:1)
  2 frilled lizards (D:1)
  8 kobolds
  3 rats
142 creatures vanquished.

Vanquished Creatures (others)
  A quokka (D:8)
  A plant (D:1)
  5 withered plants (D:1)
7 creatures vanquished.

Grand Total: 149 creatures vanquished

Notes
Turn   | Place    | Note
-------+----------+-------------------------------------------
     0 | D:1      | Hodglim the Gargoyle Earth Elementalist began the quest for
                  | the Orb.
     0 | D:1      | Reached XP level 1. HP: 10/10 MP: 3/3
   242 | D:1      | Reached XP level 2. HP: 15/15 MP: 1/5
   388 | D:1      | Reached skill level 4 in Earth Magic
   582 | D:1      | Reached skill level 1 in Shields
   633 | D:1      | Reached XP level 3. HP: 19/19 MP: 1/6
   994 | D:1      | Found a faded altar of an unknown god.
  1375 | D:2      | Found a glowing silver altar of Zin.
  1453 | D:2      | Noticed Natasha
  1455 | D:2      | Killed Natasha
  1456 | D:2      | Reached XP level 4. HP: 18/24 MP: 4/8
  1572 | D:2      | Learned a level 3 spell: Stone Arrow
  1591 | D:2      | Noticed Natasha
  1695 | D:2      | Killed Natasha
  1703 | D:2      | Noticed Natasha
  1705 | D:2      | Killed Natasha
  1706 | D:2      | Reached skill level 1 in Conjurations
  1967 | D:2      | Reached XP level 5. HP: 27/28 MP: 5/9
  2324 | D:3      | Reached skill level 5 in Earth Magic
  2457 | D:3      | Reached skill level 1 in Armour
  2541 | D:3      | Reached XP level 6. HP: 32/32 MP: 8/11
  3327 | D:4      | Noticed a necrophage
  3332 | D:4      | Killed a necrophage
  3333 | D:4      | Reached XP level 7. HP: 33/36 MP: 4/12
  3801 | D:5      | Entered Level 5 of the Dungeon
  4005 | D:5      | Reached skill level 6 in Earth Magic
  4290 | D:5      | Found a basalt altar of Yredelemnul.
  4395 | D:5      | Found a staircase to the Ecumenical Temple.
  4549 | Temple   | Entered the Ecumenical Temple
  4696 | Temple   | Became a worshipper of Vehumet
  4791 | D:5      | Reached XP level 8. HP: 41/41 MP: 10/14
  4954 | D:5      | Learned a level 5 spell: Lee's Rapid Deconstruction
  5040 | D:5      | Identified the amulet "Yfijalen" {Reflect Harm rF+ SH+5}
  5555 | D:5      | Reached skill level 7 in Earth Magic
  5639 | D:6      | Reached skill level 5 in Shields
  5639 | D:6      | Reached skill level 5 in Spellcasting
  5716 | D:6      | Reached skill level 5 in Conjurations
  5777 | D:6      | Reached XP level 9. HP: 41/45 MP: 16/16
  5828 | D:6      | Found a stormy altar of Qazlal.
  5873 | D:6      | Found a burning altar of Makhleb.
  6014 | D:6      | Reached skill level 5 in Armour
  6218 | D:7      | Found Tyro Acuesk's Assorted Antiques.
  6223 | D:7      | Bought a silken robe for 176 gold pieces
  6223 | D:7      | Identified the +0 robe of Lupuur {Rampage} (You bought it
                  | in a shop on level 7 of the Dungeon)
  6566 | D:7      | Reached * piety under Vehumet
  6566 | D:7      | Offered knowledge of Freeze by Vehumet.
  6795 | D:7      | Reached skill level 8 in Earth Magic
  6954 | D:7      | Found a broken altar of Ashenzari.
  7319 | D:7      | Noticed Gilette's ghost (novice DjCj)
  7353 | D:7      | Found a transporter.
  7358 | D:7      | Found a transporter.
  8407 | D:8      | Reached skill level 1 in Fighting
  8878 | D:7      | Reached XP level 10. HP: 51/53 MP: 19/19
  8902 | D:8      | Reached skill level 9 in Earth Magic
  9204 | D:8      | You fall into a shaft and drop 3 floors!
  9205 | D:11     | Noticed Maurice
  9212 | D:11     | Found a staircase to the Orcish Mines.
  9237 | D:10     | Entered Level 10 of the Dungeon
  9248 | D:9      | Found a hide-covered altar of Uskayaw.
  9258 | D:9      | Found a shadowy altar of Dithmenos.
  9268 | D:9      | Found an ancient bone altar of Kikubaaqudgha.
  9271 | D:9      | Found a runed translucent door.
  9273 | D:9      | Noticed a deep elf pyromancer
  9273 | D:9      | Noticed Lemonice's ghost (novice DjFE)
  9420 | D:9      | Killed from afar by an acid dragon

Illustrated notes

Levels and vault maps discovered:
D:1:      roderic_crossed_star, layout_loops_ring,
          shapermc_ecumenical_altar_flowoftime
D:2:      layout_basic, basic_altar, serial_bayou_pond_a, uniq_natasha
D:3:      layout_rooms, chequers_serial_rivers_micro_b
D:4:      layout_rooms, minmay_unequal
D:5:      layout_basic, kennysheep_mini, temple_green
D:6:      layout_rooms, lemuel_tele_altar, lemuel_crystal_altar
D:7:      layout_basic, nicolae_ashenzari_panopticon, gammafunk_ghost_hive,
          serial_shops, nicolae_shop_trees, serial_curves, eino_curves_02,
          eino_curves_03
D:8:      minmay_imperfect_grid, layout_basic, marbit_many_paths,
          elyvilon_altar_4, ebering_ghost_rock_garden, serial_shops, shop,
          hangedman_decor_diamond_cutter, uniq_erica
D:9:      layout_grid_maze, grunt_temple_overflow_open,
          ebering_ghost_inner_flame
D:10:     layout_basic, general_overflow_altar, david_lair_shrubbed,
          eino_small_chamber_without_monster
D:11:     layout_irregular_city, david_orc_2, serial_shops, nicolae_shop_trees,
          shop, shop, nicolae_shop_statue_plus, shop, uniq_erolcha, uniq_maurice
Temple:   nicolae_temple_hex_pool

Skill      XL: |  1  2  3  4  5  6  7  8  9 10 |
---------------+-------------------------------+-----
Earth Magic    | 4 5 6 7 8 9 |  9.1
Shields        | 1 2 3 5 |  5.0
Spellcasting   | 3 4 5 6 |  6.6
Conjurations   | 1 2 3 5 6 |  6.4
Armour         | 1 2 3 4 6 |  6.2
Fighting       | 1 2 |  2.5
Dodging        | |  1.5
Stealth        | |  2.1
Transmutations | |  0.7

Action                   |  1- 3 |  4- 6 |  7- 9 | 10-12 || total
-------------------------+-------+-------+-------+-------++-------
Melee: Dagger            |     4 |       |       |       ||     4
       Club              |    26 |     4 |       |       ||    30
       Mace              |       |    18 |    17 |       ||    35
       Flail             |       |       |   238 |    23 ||   261
 Cast: Sandblast         |    37 |    52 |   104 |       ||   193
       Stone Arrow       |       |       |    18 |     7 ||    25
  Use: Scroll            |       |     2 |     5 |     3 ||    10
       Potion            |       |       |       |     2 ||     2
 Stab: Sleeping          |       |     1 |     1 |       ||     2
Armor: Robe              |     4 |     2 |       |       ||     6
       Leather armour    |       |    11 |   208 |    48 ||   267
Dodge: Dodged            |     7 |    18 |   229 |    75 ||   329
Block: Buckler           |       |     3 |   103 |    32 ||   138

Table legend: (Time is in decaauts)
 A = Elapsed time spent in this place.
 B = Non-inter-level travel time spent in this place.
 C = Inter-level travel time spent in this place.
 D = Time resting spent in this place.
 E = Time spent auto-exploring this place.
 F = Levels seen in this place.
 G = Mean time per level.
                   A        B        C        D        E       F      G
               +--------+--------+--------+--------+--------+-----+--------+
         Total |   9554 |   9076 |    478 |   3226 |   3296 |  12 |  796.2 |
       Dungeon |   9395 |   8926 |    469 |   3226 |   3225 |  11 |  854.1 |
        Temple |    159 |    150 |      9 |      0 |     71 |   1 |  159.0 |
               +--------+--------+--------+--------+--------+-----+--------+

Top non-repeatable levels by time:
     D:7: 2405 daAuts
     D:5: 1451 daAuts
     D:1: 1375 daAuts
     D:6: 1053 daAuts
     D:2: 953 daAuts
     D:4: 805 daAuts
     D:3: 761 daAuts
     D:8: 371 daAuts
     D:9: 177 daAuts
  Temple: 159 daAuts
    D:11: 32 daAuts
    D:10: 6 daAuts
